 Dungeon Crawl Stone Soup version 0.28.0-49-g6dfe1f597d (webtiles) character file.

Game seed: 3209241258176112925

2168 nickcage the Carver (level 9, -10/59 (64) HPs)
             Began as a Formicid Abyssal Knight on May 11, 2022.
             Was an Elder of Lugonu.
             Mangled by a wight
             ... wielding a +1 morningstar of protection
              (13 damage)
             ... on level 7 of the Dungeon.
             The game lasted 00:17:24 (6637 turns).

nickcage the Carver (Formicid Abyssal Knight)       Turns: 6637, Time: 00:17:24

HP:   -10/59 (64)   AC:  4    Str: 25    XL:     9   Next: 57%
MP:   10/10         EV: 10    Int:  9    God:    Lugonu [****..]
Gold: 208           SH:  2    Dex:  4    Spells: 8/8 levels left

rFire   + . .      SeeInvis +   v - +5 hand axe of the Pariah {vorpal, rF+ rCorr Str+2}
rCold   . . .      Faith    .   p - +0 buckler
rNeg    + . .      Spirit   .   q - +1 ring mail of Gravitas {rElec rN+ Regen+ Dex-5}
rPois   .          Reflect  .   (helmet unavailable)
rElec   +          Harm     .   (no cloak)
rCorr   +          Rampage  .   x - -3 pair of gloves of Boqob {rElec Dex-2 Slay+2 SInv}
Will    .....                   (no boots)
Stlth   ..........              (no amulet)
HPRegen 0.99/turn               (no ring)
MPRegen 0.12/turn               (no ring)

@: drained
A: permanent stasis, dig shafts and tunnels, antennae 3, four strong arms
a: Dig, Shaft Self, Renounce Religion, Depart the Abyss, Bend Space, Banish,
Corrupt


You were on level 7 of the Dungeon.
You worshipped Lugonu.
Lugonu was greatly pleased with you.
You visited 1 branch of the dungeon, and saw 7 of its levels.
You visited the Abyss 1 time.

You collected 232 gold pieces.
You spent 24 gold pieces at shops.

Inventory:

Hand Weapons
 a - a +1 falchion
 v - the +5 hand axe of the Pariah (weapon) {vorpal, rF+ rCorr Str+2}
   (You found it on level 6 of the Dungeon)

   It inflicts extra damage upon your enemies.
   Str:       It affects your strength (+2).
   rF:        It protects you from fire.
   rCorr:     It protects you from acid and corrosion.
 y - a +2 war axe of draining
Missiles
 c - 4 poisoned darts (quivered)
 z - 2 throwing nets
Armour
 b - a +0 leather armour
 e - a +0 scale mail
 p - a +0 buckler (worn)
 q - the +1 ring mail of Gravitas (worn) {rElec rN+ Regen+ Dex-5}
   (You found it on level 3 of the Dungeon)

   Dex:       It affects your dexterity (-5).
   rElec:     It insulates you from electricity.
   rN:        It protects you from negative energy.
   Regen:     It increases your rate of health regeneration.
 x - the -3 pair of gloves of Boqob (worn) {rElec Dex-2 Slay+2 SInv}
   (You acquired it on level 7 of the Dungeon)

   Dex:       It affects your dexterity (-2).
   Slay:      It affects your accuracy & damage with ranged weapons and melee
   (+2).
   rElec:     It insulates you from electricity.
   SInv:      It lets you see invisible.
Jewellery
 i - an amulet of the acrobat
 k - a ring of ice
 r - a ring of fire
Wands
 o - a wand of mindburst (9)
Scrolls
 h - 2 scrolls of magic mapping
 j - a scroll of amnesia
 m - 5 scrolls of identify
 B - a scroll of fog {unknown}
 D - a scroll of enchant armour {unknown}
Potions
 d - 2 potions of curing
 f - a potion of might {unknown}
 g - 2 potions of attraction {unknown}
 l - 2 potions of heal wounds {unknown}
 n - 2 potions of degeneration {unknown}
 s - a potion of mutation {unknown}
 t - a potion of flight {unknown}
 u - a potion of experience {unknown}
 w - a potion of haste {unknown}
 A - a potion of lignification {unknown}
 C - a potion of resistance {unknown}


   Skills:
 - Level 3.2 Fighting
 - Level 10.0 Long Blades
 * Level 6.8 Axes
 - Level 1.0 Throwing
 - Level 2.1 Armour
 - Level 0.8 Dodging
 - Level 2.1 Invocations
 - Level 0.4 Evocations


You had 8 spell levels left.
You didn't know any spells.
Your spell library contained the following spells:

 Spells                   Type           Power      Damage    Failure   Level
 Static Discharge         Conj/Air       0%         N/A       75%         2
 Call Canine Familiar     Summ           0%         N/A       93%         3
 Portal Projectile        Hex/Tloc       0%         N/A       93%         3
 Leda's Liquefaction      Hex/Erth       0%         N/A       100%        4
 Lightning Bolt           Conj/Air       0%         1d11      100%        5
 Manifold Assault         Tloc           0%         N/A       100%        5
 Storm Form               Tmut/Air       0%         N/A       100%        7
 Maxwell's Capacitive Co  Air            0%         ∞         100%        8
 Blink                    Tloc           Unusable   N/A       N/A         2

Dungeon Overview and Level Annotations

Branches:
Dungeon (7/15)             Temple (0/1) D:5

Altars:
Fedhas
Gozag
Kikubaaqudgha
Qazlal
Yredelemnul
The Shining One

Shops:
D:3 *

Annotations:
D:5 2 transporters


Innate Abilities, Weirdness & Mutations

You cannot be hasted, slowed, berserked, paralysed or teleported.
You can dig through walls and to a lower floor.
You have a pair of large antennae on your head. (SInv)
Your four strong arms can wield two-handed weapons with a shield.


Message History

The wight is severely damaged.
The wight barely misses you.
You hit the wight.
The wight is almost destroyed.
The wight hits you with a +1 spear.
You closely miss the wight.
The wight is almost destroyed.
The wight hits you with a +1 spear.
You barely miss the wight.
The wight is almost destroyed.
The wight closely misses you.
You slash the wight!
You destroy the wight!
Lugonu accepts your kill.
You barely miss the wight. The wight hits you with a +0 trident.
You hit the wight but do no damage. The wight hits you with a +0 trident!
* * * LOW HITPOINT WARNING * * *
You partially resist.
You feel drained.
* * * LOW HITPOINT WARNING * * *
You closely miss the wight. The wight hits you with a +0 trident.
* * * LOW HITPOINT WARNING * * *
You partially resist.
You feel drained.
You hit the wight.
The wight is heavily damaged.
The wight barely misses you.
You slash the wight!
You destroy the wight!
Lugonu accepts your kill.
You hit the wight.
The wight is lightly damaged.
The wight closely misses you.
You barely miss the wight.
The wight is lightly damaged.
The wight hits you with a +1 morningstar of protection!
* * * LOW HITPOINT WARNING * * *
You partially resist.
You feel drained.
You hit the wight but do no damage.
The wight is lightly damaged.
The wight hits you with a +1 morningstar of protection!
You die...

.........# #......#.
........# #......#.
#.......# #......#.
.......# ##.....#.
......# #.....#. #.....#
#.....#. #.....# #.....#.
#z)...# #.....#.
zz...z.#@##.# ##..#.#.
.......#.##.# #..#...
.......#.##.# #....##
.......#..#.# #....'.
....^..##.#.#######....'#
.........................
##########..###....#.....
#..# #....#..... #..#
#....#.##.#


You could see a wight.

Vanquished Creatures
  A sky beast (D:7)
  A black bear (D:6)
  4 ogres
  A centaur (D:7)
  2 ice beasts
  A necrophage (D:4)
  A phantom (D:4)
  A gnoll sergeant (D:3)
  A bullfrog (D:6)
  A scorpion (D:4)
  A wyvern zombie (D:7)
  2 howler monkeys (D:7)
  4 wights (D:7)
  A bullfrog zombie (D:6)
  A centaur zombie (D:5)
  2 hounds (D:4)
  2 jellies (D:4)
  A bullfrog skeleton (D:5)
  2 gnoll shamans (D:6)
  An orc priest (D:4)
  2 orc wizards (D:3)
  An iguana (D:4)
  A killer bee zombie (D:7)
  A hound zombie (D:4)
  A howler monkey skeleton (D:6)
  11 gnolls
  9 adders
  A shadow imp (D:6)
  3 white imps
  An ufetubus (D:6)
  An adder zombie (D:4)
  5 worms
  2 dart slugs (D:1)
  11 orcs
  4 bats
  10 endoplasms
  3 giant cockroaches
  4 goblins
  5 hobgoblins
  4 jackals (D:4)
  A quokka (D:1)
  6 ball pythons
  2 frilled lizards (D:3)
  7 kobolds
  7 rats
134 creatures vanquished.

Vanquished Creatures (others)
  6 plants (D:5)
6 creatures vanquished.

Grand Total: 140 creatures vanquished

Notes
Turn   | Place    | Note
-------+----------+-------------------------------------------
     0 | Abyss:1  | nickcage the Formicid Abyssal Knight began the quest for
                  | the Orb.
     0 | Abyss:1  | Reached XP level 1. HP: 18/18 MP: 2/2
     0 | D:1      | Escaped the Abyss
   202 | D:1      | Reached XP level 2. HP: 17/24 MP: 3/3
   400 | D:1      | Reached * piety under Lugonu
   776 | D:1      | Found a faded altar of an unknown god.
   784 | D:1      | Reached skill level 3 in Long Blades
  1123 | D:2      | Reached XP level 3. HP: 29/29 MP: 4/4
  1585 | D:2      | Reached skill level 4 in Long Blades
  1585 | D:2      | Reached XP level 4. HP: 35/35 MP: 5/5
  1635 | D:2      | Found a glowing golden altar of the Shining One.
  2494 | D:3      | Found an opulent altar of Gozag.
  2526 | D:3      | Noticed a gnoll sergeant
  2533 | D:3      | Identified the +1 ring mail of Gravitas {rElec rN+ Regen+
                  | Dex-5}
  2542 | D:3      | Killed a gnoll sergeant
  2543 | D:3      | Reached skill level 5 in Long Blades
  2543 | D:3      | Reached XP level 5. HP: 19/41 MP: 6/6
  3223 | D:3      | Reached ** piety under Lugonu
  3224 | D:3      | Reached XP level 6. HP: 43/47 MP: 7/7
  3255 | D:3      | Found Xilaon's General Store.
  3311 | D:3      | Found an ancient bone altar of Kikubaaqudgha.
  3512 | D:4      | Reached skill level 6 in Long Blades
  3542 | D:4      | Found a basalt altar of Yredelemnul.
  3639 | D:4      | Noticed a necrophage
  3699 | D:4      | Killed a necrophage
  3700 | D:4      | Reached skill level 7 in Long Blades
  3700 | D:4      | Reached XP level 7. HP: 51/52 MP: 8/8
  3811 | D:4      | You fall into a shaft and drop 1 floor!
  3811 | D:5      | Entered Level 5 of the Dungeon
  3828 | D:5      | Found a blossoming altar of Fedhas.
  3984 | D:3      | Bought a scroll of identify for 24 gold pieces
  4098 | D:4      | Reached skill level 8 in Long Blades
  4305 | D:4      | Reached XP level 8. HP: 51/58 MP: 9/9
  4532 | D:5      | Identified the +4 trident "Gaehiept" {vamp, rElec Dex+3}
  4532 | D:5      | Identified the +1 ring mail of Generosity {Dex+5}
  4542 | D:5      | Reached *** piety under Lugonu
  4566 | D:5      | Found a staircase to the Ecumenical Temple.
  4663 | D:5      | Found a transporter.
  4669 | D:5      | Found a transporter.
  4815 | D:5      | Reached skill level 9 in Long Blades
  5231 | D:6      | Found a stormy altar of Qazlal.
  5363 | D:6      | Reached skill level 1 in Throwing
  5420 | D:6      | Identified the +5 hand axe of the Pariah {vorpal, rF+ rCorr
                  | Str+2}
  5428 | D:6      | Reached skill level 10 in Long Blades
  5528 | D:6      | Reached skill level 1 in Axes
  5619 | D:6      | Reached XP level 9. HP: 64/64 MP: 10/10
  6250 | D:7      | Identified a scroll of acquirement
  6250 | D:7      | Acquired the -3 pair of gloves of Boqob {rElec Dex-2 Slay+2
                  | SInv}
  6274 | D:7      | Reached skill level 5 in Axes
  6610 | D:7      | Reached **** piety under Lugonu
  6636 | D:7      | HP: 2/61 [wight/+1 morningstar of protection (8)]
  6637 | D:7      | Mangled by a wight

Illustrated notes

Levels and vault maps discovered:
D:1:      kennysheep_arrival_seaside, layout_basic,
          shapermc_ecumenical_altar_pompeii
D:2:      layout_basic, basic_altar, grunt_ministairs_4
D:3:      layout_rooms, nicolae_gozag_seed_capital, marbit_many_paths,
          serial_shops, shop
D:4:      layout_basic, lemuel_zombie_altar_yredelemnul, minmay_cupped
D:5:      layout_loops_cross, fedhas_altar_4, minmay_temple_entry_mini_moons,
          gammafunk_ghost_gnarly_gnolls
D:6:      layout_layer_cave, mainiacjoe_overflow_alcove_4
D:7:      layout_basic

Skill      XL: |  1  2  3  4  5  6  7  8  9 |
---------------+----------------------------+-----
Long Blades    | 3 4 5 7 8 10 | 10.0
Throwing       | 1 |  1.0
Axes           | 3 6 |  6.8
Fighting       | |  3.2
Armour         | |  2.1
Dodging        | |  0.8
Invocations    | |  2.1
Evocations     | |  0.4

Action                   |  1- 3 |  4- 6 |  7- 9 || total
-------------------------+-------+-------+-------++-------
Melee: Falchion          |    89 |   134 |   204 ||   427
       Punch             |     2 |     1 |       ||     3
       Hand axe          |       |       |   118 ||   118
Throw: Dart              |       |       |    13 ||    13
Invok: Depart the Abyss  |     1 |       |       ||     1
Evoke: Wand              |       |     5 |       ||     5
  Use: Potion            |     1 |       |       ||     1
       Scroll            |       |       |     8 ||     8
Armor: Leather armour    |     6 |       |       ||     6
       Scale mail        |    38 |    17 |       ||    55
       Ring mail         |       |    17 |   103 ||   120
Dodge: Dodged            |    42 |    45 |   156 ||   243
Block: Buckler           |       |     9 |    32 ||    41
